 Dungeon Crawl Stone Soup version 0.28-a0-1629-gf728b707aa (webtiles) character file.

Game seed: 8562868447524833234

11069 fragbeetle the Spear-Bearer (level 11, -3/84 HPs)
             Began as a Merfolk Ice Elementalist on Jan 24, 2022.
             Was a Priest of Sif Muna.
             Slain by a polar bear simulacrum (19 damage)
             ... on level 9 of the Dungeon.
             The game lasted 00:30:32 (13118 turns).

fragbeetle the Spear-Bearer (MfIE)                 Turns: 13118, Time: 00:30:32

Health: -3/84      AC: 22    Str: 10    XL:     11   Next: 72%
Magic:  15/15      EV: 14    Int: 17    God:    Sif Muna [***...]
Gold:   754        SH:  0    Dex: 15    Spells: 0/15 levels left

rFire   . . .      SeeInvis +   g - +0 glaive (protect)
rCold   . . .      Faith    .   (shield currently unavailable)
rNeg    . . .      Spirit   .   N - +0 swamp dragon scales
rPois   +          Reflect  .   j - +0 helmet
rElec   .          Harm     .   (no cloak)
rCorr   .          Rampage  .   H - +0 pair of gloves
Will    .....                   M - +0 pair of boots
Stlth   +++.......              C - amulet of magic regeneration
HPRegen 0.24/turn               b - +4 ring of slaying
MPRegen 0.54/turn               o - ring of see invisible

@: ice-armoured, under a protective aura
A: (nimble swimmer 2), mertail
a: Renounce Religion, Channel Magic, Forget Spell


You were on level 9 of the Dungeon.
You worshipped Sif Muna.
Sif Muna was most pleased with you.
You visited 2 branches of the dungeon, and saw 12 of its levels.

You collected 1458 gold pieces.
You spent 704 gold pieces at shops.

Inventory:

Hand Weapons
 g - a +0 glaive of protection (weapon)
 F - a +1 scythe of protection
 G - a +10 club
 V - the +9 morningstar of an ice cave {flame, Str+2}
   (You found it on level 9 of the Dungeon)

   It burns those it strikes, dealing additional fire damage.
   Str:       It affects your strength (+2).
 W - a +1 spear of venom
Missiles
 m - 7 boomerangs (quivered)
 n - 5 javelins
 r - 2 boomerangs of dispersal
 w - 14 poisoned darts
 P - a curare-tipped dart
 R - 8 atropa-tipped darts
Armour
 j - a +0 helmet (worn)
 H - a +0 pair of gloves (worn)
 M - a +0 pair of boots (worn)
 N - +0 swamp dragon scales (worn)
 O - a +2 robe of willpower
 U - the +2 scale mail of the Blue Moon {rC+ Dex+5}
   (You found it on level 9 of the Dungeon)

   Dex:       It affects your dexterity (+5).
   rC:        It protects you from cold.
 X - a +0 troll leather armour
Magical Staves
 i - a staff of poison
Jewellery
 b - a +4 ring of slaying (left hand)
 o - a ring of see invisible (right hand)
 C - an amulet of magic regeneration (around neck)
 E - a ring of resist corrosion
 S - a +6 ring of dexterity
Wands
 a - a wand of mindburst (3)
 x - a wand of iceblast (22)
 L - a wand of paralysis (9)
 Q - a wand of polymorph (15)
 Z - a wand of charming (6)
Scrolls
 d - a scroll of fog {unknown}
 e - 4 scrolls of teleportation
 f - a scroll of fear {unknown}
 y - a scroll of magic mapping {unknown}
 B - 2 scrolls of enchant armour {unknown}
 D - 2 scrolls of immolation {unknown}
 J - 3 scrolls of blinking
 T - 2 scrolls of noise {unknown}
 Y - a scroll of enchant weapon {unknown}
Potions
 c - a potion of berserk rage {unknown}
 h - a potion of curing
 k - 4 potions of might {unknown}
 l - 2 potions of haste {unknown}
 t - a potion of flight {unknown}
 u - 3 potions of heal wounds
 v - 3 potions of brilliance
 z - 4 potions of magic
 I - 2 potions of ambrosia {unknown}
 K - a potion of invisibility {unknown}


   Skills:
 + Level 7.4 Fighting
 * Level 13.1 Polearms
 * Level 1.5 Armour
 + Level 9.4 Dodging
 - Level 8.1 Stealth
 * Level 2.9 Spellcasting
 + Level 1.8 Conjurations
 * Level 11.4 Ice Magic
 * Level 0.0 Poison Magic


You couldn't memorise any spells.
You knew the following spells:

 Your Spells              Type           Power      Damage    Failure   Level
a - Freeze                Ice            100%       1d11      1%          1
b - Frozen Ramparts       Ice            82%        1d10      1%          3
c - Ozocubu's Armour      Ice            41%        N/A       1%          3
d - Sticky Flame          Conj/Fire      5%         2d3       97%         4
e - Olgreb's Toxic Radia  Pois           2%         N/A       99%         4

Your spell library contained the following spells:

 Spells                   Type           Power      Damage    Failure   Level
 Hailstorm                Conj/Ice       25%        3d7       28%         4
 Static Discharge         Conj/Air       5%         N/A       43%         2
 Conjure Flame            Conj/Fire      5%         6-21      67%         3
 Gell's Gravitas          Tloc           2%         N/A       80%         3
 Ignite Poison            Fire/Tmut/Pois 2%         N/A       80%         3
 Lesser Beckoning         Tloc           2%         N/A       80%         3
 Teleport Other           Tloc           2%         N/A       80%         3
 Ozocubu's Refrigeration  Ice            20%        4d9       98%         7
 Dispel Undead            Necr           2%         3d7       99%         4
 Ignition                 Fire           1%         3d3       100%        8


Dungeon Overview and Level Annotations

Branches:
Dungeon (11/15)            Temple (1/1) D:5             Orc (0/2) D:11
   Lair: D:8-11

Altars:
Ashenzari
Cheibriados
Dithmenos
Elyvilon
Fedhas
Gozag
Hepliaklqana
Kikubaaqudgha
Makhleb
Nemelex Xobeh
Okawaru
Qazlal
Ru
Sif Muna
Trog
Uskayaw
Vehumet
Wu Jian
Xom
Yredelemnul
Zin
The Shining One
Beogh

Shops:
D:7 (   D:11 *

Annotations:
D:1 fire
D:2 1 runed translucent door, Crazy Yiuf
D:5 2 transporters, Pin's ghost, novice HOFi
D:8 Erica
D:9 exclusion: door
D:11 2 transporters, timneilson's ghost, journeyman GrFi


Innate Abilities, Weirdness & Mutations

((You are very nimble when in or above water. (Stealth+, EV+, Speed+++)))
Your lower body shifts to a powerful aquatic tail in water.


Message History

The polar bear simulacrum is almost destroyed.
You slice the polar bear simulacrum!!
The polar bear simulacrum vaporises!
Sif Muna accepts your kill.
You slash the river rat simulacrum!
The river rat simulacrum vaporises!
Sif Muna accepts your kill.
Reach: g) +0 glaive (protect)
Press: ? - help, Dir - move target, f - polar bear simulacrum
Aim: a polar bear simulacrum (about 12% to evade your +0 glaive of protection)
You reach to attack!
You barely miss the polar bear simulacrum.
Unknown command.
You slash the river rat simulacrum!
The river rat simulacrum vaporises!
Sif Muna accepts your kill.
The wolf simulacrum completely misses you.
You slash the wolf simulacrum!
The wolf simulacrum vaporises!
Sif Muna accepts your kill.
You hit the river rat simulacrum.
The river rat simulacrum is almost destroyed.
The river rat simulacrum completely misses you.
You hit the river rat simulacrum.
The river rat simulacrum vaporises!
Sif Muna accepts your kill.
You hit the polar bear simulacrum.
The polar bear simulacrum is lightly damaged.
The polar bear simulacrum bites you but does no damage.
The polar bear simulacrum completely misses you.
The polar bear simulacrum closely misses you.
You slash the polar bear simulacrum!
The polar bear simulacrum is heavily damaged.
The polar bear simulacrum bites you! The polar bear simulacrum freezes you!
* * * LOW HITPOINT WARNING * * *
The polar bear simulacrum closely misses you.
The polar bear simulacrum claws you.
* * * LOW HITPOINT WARNING * * *
The polar bear simulacrum freezes you!!
You die...

#.#.##.#...............'........
#.#........##.#######.##....#.##
#.#...........#######.#####.#.#.
#.##.#.#...[..[.....#.#####.#.#.
#....#'#>..########.............
####......#.#....#.#...#####.#.#.
#..'........#....#(#.#...........
#.##........#......#.#######.####
#.##......#.#...@..#.......#.....
#.#######.#.#'###Z##.#####..#####
#.# #####.#....#.ZZ#.# #.......
#.###.....#..P[#...#.# #..#####
#.........#..⌠.#...#.# #..#####
#####....##..P.#####.# #......#
#....##..........# ##.###.#
#....#####..####.# ##.###<#
##########'### #.# #......#


You could see a wolf simulacrum and 2 polar bear simulacra.

Vanquished Creatures
  A two-headed ogre (D:10)
  Nergalle (D:10)
  A necromancer (D:9)
  A deep elf pyromancer (D:9)
  A komodo dragon (D:11)
  Maggie (D:7)
  4 trolls
  A hornet (D:8)
  A meliai zombie (D:10)
  Sigmund (D:5)
  3 shadows
  A wraith (D:10)
  A wyvern (D:7)
  10 yaks
  Grum (D:10)
  A steam dragon (D:10)
  Menkaure (D:6)
  2 acid dragons
  A water moccasin (D:5)
  7 orc warriors
  A black bear (D:6)
  2 sky beasts
  An ice beast (D:7)
  4 ogres
  7 wolves
  3 centaurs
  2 phantoms
  A kobold brigand (D:8)
  6 bullfrogs
  3 scorpions
  A water moccasin zombie (D:5)
  5 killer bees (D:9)
  4 howler monkeys
  2 bullfrog zombies
  2 hounds (D:8)
  6 orc priests
  Ijyb (D:5)
  2 iguanas
  6 orc wizards
  Natasha (twice) (D:3)
  A polar bear simulacrum (D:9)
  3 wolf simulacra (D:9)
  Robin (D:2)
  A howler monkey zombie (D:9)
  3 adders
  A shadow imp (D:6)
  2 white imps (D:6)
  2 ufetubi (D:5)
  A worm (D:4)
  A dart slug (D:1)
  42 orcs
  6 endoplasms
  2 giant cockroaches
  12 goblins
  12 hobgoblins
  3 jackals (D:2)
  3 quokkas
  8 ball pythons
  5 bats
  5 frilled lizards
  16 kobolds
  5 rats (D:1)
  3 river rat simulacra (D:9)
240 creatures vanquished.

Vanquished Creatures (others)
  An endoplasm (D:1)
1 creature vanquished.

Grand Total: 241 creatures vanquished

Notes
Turn   | Place    | Note
-------+----------+-------------------------------------------
     0 | D:1      | fragbeetle the Merfolk Ice Elementalist began the quest for
                  | the Orb.
     0 | D:1      | Reached XP level 1. HP: 13/13 MP: 3/3
   491 | D:1      | Reached XP level 2. HP: 20/20 MP: 5/5
  1136 | D:1      | Reached skill level 1 in Fighting
  1215 | D:1      | Reached XP level 3. HP: 26/26 MP: 6/6
  1548 | D:2      | Learned a level 3 spell: Frozen Ramparts
  1689 | D:2      | Reached skill level 5 in Ice Magic
  1689 | D:2      | Reached XP level 4. HP: 10/32 MP: 1/7
  1910 | D:2      | Learned a level 3 spell: Ozocubu's Armour
  1971 | D:2      | Noticed Robin
  1983 | D:2      | Killed Robin
  1984 | D:2      | Reached skill level 1 in Polearms
  2142 | D:2      | Found a faded altar of an unknown god.
  2494 | D:2      | Found a runed translucent door.
  2495 | D:2      | Noticed Crazy Yiuf
  2914 | D:3      | Reached XP level 5. HP: 38/38 MP: 8/8
  2945 | D:3      | Reached skill level 2 in Polearms
  3019 | D:3      | Noticed Natasha
  3024 | D:3      | Killed Natasha
  3225 | D:3      | Noticed Natasha
  3228 | D:3      | Killed Natasha
  3328 | D:3      | Reached skill level 3 in Polearms
  3453 | D:3      | You fall into a shaft and drop 3 floors!
  3501 | D:5      | Entered Level 5 of the Dungeon
  3519 | D:5      | Reached XP level 6. HP: 38/44 MP: 9/9
  3563 | D:5      | Found a staircase to the Ecumenical Temple.
  3575 | Temple   | Entered the Ecumenical Temple
  3698 | Temple   | Became a worshipper of Sif Muna the Loreminder
  4038 | D:4      | Found a shadowy altar of Dithmenos.
  4360 | D:4      | Reached skill level 4 in Polearms
  4468 | D:4      | Reached XP level 7. HP: 38/51 MP: 3/10
  4879 | D:5      | Reached skill level 5 in Polearms
  4879 | D:5      | Reached skill level 5 in Dodging
  5316 | D:5      | Noticed Sigmund
  5322 | D:5      | Killed Sigmund
  5323 | D:5      | Reached skill level 6 in Polearms
  5323 | D:5      | Reached XP level 8. HP: 58/58 MP: 9/11
  5403 | D:5      | Reached * piety under Sif Muna
  5409 | D:5      | HP: 1/58 [orc warrior (2)]
  5815 | D:5      | Noticed Ijyb
  5825 | D:5      | Killed Ijyb
  5826 | D:5      | Reached skill level 5 in Stealth
  5952 | D:5      | Reached skill level 7 in Polearms
  6080 | D:5      | Found a transporter.
  6101 | D:5      | Found a transporter.
  6101 | D:5      | Noticed Pin's ghost (novice HOFi)
  6336 | D:6      | Noticed Menkaure
  6346 | D:6      | Killed Menkaure
  6485 | D:6      | Reached skill level 8 in Polearms
  6485 | D:6      | Reached XP level 9. HP: 58/66 MP: 7/12
  7191 | D:7      | Found Zeam's Weapon Shop.
  7360 | D:7      | Reached skill level 5 in Fighting
  7360 | D:7      | Reached skill level 9 in Polearms
  7380 | D:7      | Reached ** piety under Sif Muna
  7716 | D:7      | Noticed Maggie
  7767 | D:7      | Killed Maggie
  7768 | D:7      | Reached skill level 10 in Polearms
  7768 | D:7      | Reached XP level 10. HP: 72/74 MP: 10/13
  7936 | D:7      | Found a hazy altar of Hepliaklqana.
  8611 | D:8      | Noticed Erica
  8674 | D:8      | Found a hide-covered altar of Uskayaw.
  8697 | D:8      | Reached skill level 11 in Polearms
  8697 | D:8      | Reached skill level 10 in Ice Magic
  9412 | D:9      | Noticed a necromancer
  9420 | D:10     | Entered Level 10 of the Dungeon
  9664 | D:10     | Noticed a two-headed ogre
  9746 | D:10     | Noticed Nergalle
 10192 | D:10     | Killed Nergalle
 10562 | D:9      | Reached skill level 12 in Polearms
 10562 | D:9      | Reached XP level 11. HP: 83/83 MP: 11/14
 10608 | D:9      | Noticed a deep elf pyromancer
 10612 | D:9      | Killed a deep elf pyromancer
 10619 | D:9      | Identified the +2 scale mail of the Blue Moon {rC+ Dex+5}
 10706 | D:9      | Killed a necromancer
 10706 | D:9      | Reached *** piety under Sif Muna
 10828 | D:9      | Identified the +9 morningstar of an ice cave {flame, Str+2}
 11183 | D:10     | Noticed Grum
 11188 | D:10     | Killed Grum
 11431 | D:10     | Learned a level 4 spell: Sticky Flame
 11467 | D:10     | Found a blossoming altar of Fedhas.
 11522 | D:10     | Killed a two-headed ogre
 11756 | D:11     | Found a staircase to the Orcish Mines.
 11821 | D:11     | Found Jish's Mayhem Merchandise.
 11952 | D:11     | Found a transporter.
 11955 | D:11     | Noticed a two-headed ogre
 11956 | D:11     | Found a transporter.
 11956 | D:11     | Noticed timneilson's ghost (journeyman GrFi)
 12003 | D:11     | Identified 2 scrolls of acquirement
 12005 | D:11     | Acquired 873 gold pieces
 12012 | D:11     | Acquired a +0 glaive of protection
 12060 | D:11     | Reached skill level 1 in Conjurations
 12061 | D:11     | Reached skill level 1 in Armour
 12127 | D:11     | Noticed a boulder beetle
 12399 | D:11     | Reached skill level 13 in Polearms
 13007 | D:11     | Bought the Unrestrained Analects for 704 gold pieces
 13012 | D:11     | Learned a level 4 spell: Olgreb's Toxic Radiance
 13118 | D:9      | Slain by a polar bear simulacrum

Illustrated notes

Levels and vault maps discovered:
D:1:      evilmike_arrival_rings, layout_basic, lemuel_flame_loot_1
D:2:      layout_loops_ring, ebering_ecumenical_altar_hall, uniq_robin,
          uniq_crazy_yiuf_cottage
D:3:      layout_loops_ring, roderic_roman_lattice, small_statue_intersection,
          kennysheep_path_1, uniq_natasha
D:4:      layout_loops_ring, mainiacjoe_overflow_concentric_impassable
D:5:      layout_basic, minmay_temple_entry_mini_moons,
          gammafunk_ghost_stat_death, uniq_ijyb, uniq_sigmund
D:6:      layout_basic, uniq_menkaure
D:7:      layout_basic, general_overflow_altar, serial_shops, shop, uniq_maggie
D:8:      layout_basic, lemuel_round_altar, erik_lair_island, uniq_erica
D:9:      layout_basic, eino_house_with_fridge
D:10:     layout_cave_pools, old_standard_altar, uniq_nergalle, uniq_grum
D:11:     layout_gridville, orc_0_dummy, special_room [special_room_orc],
          gammafunk_ghost_arena, minmay_shop_mayhem
Temple:   regret_index_temple_mists

Skill      XL: |  1  2  3  4  5  6  7  8  9 10 11 |
---------------+----------------------------------+-----
Dodging        | 3 4 5 6 7 8 9 |  9.4
Fighting       | 1 2 3 4 5 6 7 |  7.4
Ice Magic      | 5 6 7 8 9 10 11 | 11.4
Stealth        | 3 4 5 6 7 8 |  8.1
Polearms       | 1 3 4 6 8 10 12 13 | 13.1
Conjurations   | 1 |  1.8
Armour         | 1 |  1.5
Spellcasting   | |  2.9

Action                   |  1- 3 |  4- 6 |  7- 9 | 10-12 || total
-------------------------+-------+-------+-------+-------++-------
Melee: Dagger            |    22 |       |       |       ||    22
       Hand axe          |     4 |    93 |    16 |       ||   113
       Short sword       |     4 |       |       |       ||     4
       Punch             |       |     1 |       |       ||     1
       Scythe            |       |       |   102 |   144 ||   246
       Glaive            |       |       |       |    66 ||    66
Throw: Dart              |       |     1 |       |     2 ||     3
       Boomerang         |       |       |     9 |     8 ||    17
 Cast: Freeze            |    27 |     1 |     1 |       ||    29
       Frozen Ramparts   |     1 |     5 |    18 |    35 ||    59
       Ozocubu's Armour  |       |     2 |    11 |    23 ||    36
  Use: Potion            |       |       |     3 |     1 ||     4
       Scroll            |       |       |       |    10 ||    10
 Stab: Sleeping          |     3 |     8 |     6 |     2 ||    19
Armor: Robe              |    10 |    17 |    33 |       ||    60
       Swamp dragon scal |       |       |       |   150 ||   150
Dodge: Dodged            |    25 |    54 |    77 |   246 ||   402

Table legend: (Time is in decaauts)
 A = Elapsed time spent in this place.
 B = Non-inter-level travel time spent in this place.
 C = Inter-level travel time spent in this place.
 D = Time resting spent in this place.
 E = Time spent auto-exploring this place.
 F = Levels seen in this place.
 G = Mean time per level.
                   A        B        C        D        E       F      G
               +--------+--------+--------+--------+--------+-----+--------+
         Total |  13230 |  12779 |    451 |    532 |   9564 |  12 | 1102.5 |
       Dungeon |  13120 |  12669 |    451 |    532 |   9489 |  11 | 1192.7 |
        Temple |    110 |    110 |      0 |      0 |     74 |   1 |  110.0 |
               +--------+--------+--------+--------+--------+-----+--------+

Top non-repeatable levels by time:
     D:5: 1615 daAuts
     D:1: 1534 daAuts
     D:9: 1372 daAuts
    D:10: 1362 daAuts
    D:11: 1346 daAuts
     D:2: 1190 daAuts
     D:7: 1145 daAuts
     D:8: 1054 daAuts
     D:4: 977 daAuts
     D:6: 770 daAuts
     D:3: 750 daAuts
  Temple: 110 daAuts
